 Dungeon Crawl Stone Soup version 0.27-a0-686-gaed091b46b (webtiles) character file.

Game seed: 6483899019591497625

240 dolemite99 the Cutter (level 5, -9/38 HPs)
             Began as a Demonspawn Gladiator on Mar 21, 2021.
             Was an Initiate of Dithmenos.
             Mangled by an ogre
             ... wielding a +0 giant club
              (23 damage)
             ... on level 4 of the Dungeon.
             The game lasted 00:03:17 (4786 turns).

dolemite99 the Cutter (Demonspawn Gladiator)        Turns: 4786, Time: 00:03:18

Health: -9/38      AC: 13    Str: 15    XL:     5   Next: 79%
Magic:  5/5        EV: 11    Int: 10    God:    Dithmenos [......]
Gold:   127        SH:  0    Dex: 14    Spells: 4/4 levels left

rFire    . . .     SeeInvis .   a - +0 rapier
rCold    . . .     Faith    .   (no shield)
rNeg     . . .     Spirit   .   w - +0 ring mail
rPois    .         Reflect  .   c - +0 helmet
rElec    .         Harm     .   (no cloak)
rCorr    .         Rampage  .   (no gloves)
Will     .....                  y - +0 pair of boots
Stlth    +.........             (no amulet)
HPRegen  0.12/turn              (no ring)
MPRegen  0.09/turn              (no ring)

@: sanguine armoured
A: ignite blood 2, sanguine armour 1
a: Renounce Religion


You were on level 4 of the Dungeon.
You worshipped Dithmenos.
Dithmenos was noncommittal.
You visited 1 branch of the dungeon, and saw 4 of its levels.

You collected 127 gold pieces.

Inventory:

Hand Weapons
 a - a +0 rapier (weapon)
 k - a +0 hunting sling
Missiles
 d - 3 throwing nets (quivered)
 f - 93 stones
 o - 22 bolts
 x - 4 boomerangs
Armour
 b - a +0 leather armour
 c - a +0 helmet (worn)
 w - a +0 ring mail (worn)
 y - a +0 pair of boots (worn)
Magical Staves
 s - a staff of earth
Jewellery
 p - an amulet of faith
Wands
 r - a wand of iceblast (11)
Scrolls
 e - 3 scrolls of identify {unknown}
 g - a scroll of amnesia {unknown}
 h - a scroll of blinking {unknown}
 l - a scroll of enchant weapon {unknown}
 q - a scroll of immolation {unknown}
 t - a scroll of teleportation {unknown}
 u - a scroll of acquirement {unknown}
 v - a scroll of magic mapping {unknown}
Potions
 i - 2 potions of heal wounds {unknown}
 j - 2 potions of invisibility {unknown}
 m - 2 potions of curing
 n - 2 potions of lignification {unknown}


   Skills:
 - Level 2.0 Fighting
 + Level 6.0 Short Blades
 - Level 1.7 Throwing
 - Level 2.6 Dodging


You had 4 spell levels left.
You didn't know any spells.
Your spell library was empty.

Dungeon Overview and Level Annotations

Branches:
Dungeon (4/15)
 Temple: D:4-7

Altars:
Dithmenos
Kikubaaqudgha
Nemelex Xobeh
Yredelemnul


Innate Abilities, Weirdness & Mutations

Your demonic aura often causes spilled blood to erupt in flames When seriously injured, your bleeding wounds create armour. (AC +6)


Message History

You hit the ooze but do no damage. The ooze closely misses you.
You hit the ooze.
The ooze is moderately wounded.
The ooze hits you but does no damage.
You hit the ooze.
The ooze is heavily wounded.
You puncture the ooze!
You kill the ooze!
Dithmenos accepts your kill.
No target in view!
No target in view!
Found 14 gold pieces.
There is an escape hatch in the ceiling here.
You now have 127 gold pieces (gained 14).
You open the door.
Found a stone staircase leading down.
e - 3 scrolls labelled OFEWIU HIMAFUF (gained 1) No target in view!
Found 13 gold pieces.
No target in view!
An ogre comes into view. It is wielding a +0 giant club.
The ogre shouts!
An ogre is nearby!
An ogre is nearby!
The ogre misses you.
You hit the ogre.
The ogre is lightly wounded.
The ogre hits you with a +0 giant club!
Your blood congeals into armour.
You barely miss the ogre.
The ogre is lightly wounded.
The ogre closely misses you.
You barely miss the ogre.
The ogre is lightly wounded.
The ogre hits you with a +0 giant club!
You hit the ogre.
The ogre is lightly wounded.
The ogre is engulfed in blazing flames.
The ogre hits you with a +0 giant club!!
Ouch! That really hurt!
You die...

....'.......##
....########.#
....# #.#####
....# #..##.#
....# ##.##..
##### #.##.#
#..#.# ##.#O#
#.#@# #.#.#
#...# ##..#
#..# ##.# #>#
.$# ..#


You could see an ogre.

Vanquished Creatures
  An ogre (D:3)
  A howler monkey (D:4)
  4 adders
  4 oozes
  An adder skeleton (D:4)
  2 dart slugs (D:1)
  4 orcs (D:3)
  A ball python (D:3)
  A giant cockroach (D:2)
  4 goblins
  5 hobgoblins
  8 jackals
  2 quokkas
  4 bats
  4 frilled lizards
  7 kobolds
  2 rats
55 creatures vanquished.

Notes
Turn   | Place    | Note
-------+----------+-------------------------------------------
     0 | D:1      | dolemite99 the Demonspawn Gladiator began the quest for the
                  | Orb.
     0 | D:1      | Reached XP level 1. HP: 16/16 MP: 1/1
    48 | D:1      | Reached skill level 3 in Short Blades
   672 | D:1      | Gained mutation: When seriously injured, your bleeding
                  | wounds create armour. (AC +6) [demonic ancestry]
   672 | D:1      | Reached XP level 2. HP: 18/22 MP: 2/2
  1749 | D:1      | Reached XP level 3. HP: 27/27 MP: 3/3
  2210 | D:2      | Reached skill level 4 in Short Blades
  2512 | D:2      | Found a sparkling altar of Nemelex Xobeh.
  2760 | D:2      | Found a shadowy altar of Dithmenos.
  2781 | D:2      | Became a worshipper of Dithmenos the Shadowed
  3121 | D:3      | Gained mutation: Your demonic aura sometimes causes spilled
                  | blood to erupt in flames [demonic ancestry]
  3121 | D:3      | Reached XP level 4. HP: 33/33 MP: 4/4
  3123 | D:3      | Found an ancient bone altar of Kikubaaqudgha.
  3552 | D:3      | Noticed an ogre
  3560 | D:3      | Killed an ogre
  3561 | D:3      | Reached skill level 5 in Short Blades
  3561 | D:3      | Gained mutation: Your demonic aura often causes spilled
                  | blood to erupt in flames [demonic ancestry]
  3561 | D:3      | Reached XP level 5. HP: 14/38 MP: 5/5
  4170 | D:3      | Found a basalt altar of Yredelemnul.
  4677 | D:4      | Reached skill level 6 in Short Blades
  4780 | D:4      | Noticed an ogre
  4786 | D:4      | Mangled by an ogre

Illustrated notes

Levels and vault maps discovered:
D:1:      erik_arrival_cave_to_civilisation [erik_arrival_cave_to_hall],
          layout_basic, minivault_5
D:2:      layout_basic, grunt_dithmenos_smoke_and_mirrors,
          nemelex_xobeh_ov_fountains_minmay
D:3:      layout_loops_ring, general_overflow_altar,
          nicolae_overflow_hidden_temple, kennysheep_generic_room_15
D:4:      layout_basic, amethyst_overflow_temple_binary, serial_shops, shop,
          serial_bayou_pond_a

Skill      XL: |  1  2  3  4  5 |
---------------+----------------+-----
Short Blades   | 3 4 5 6 |  6.0
Fighting       | |  2.0
Throwing       | |  1.7
Dodging        | |  2.6

Action                   |  1- 3 |  4- 6 || total
-------------------------+-------+-------++-------
Melee: Rapier            |   110 |    86 ||   196
  Use: Potion            |       |     1 ||     1
Armor: Leather armour    |    34 |     4 ||    38
       Ring mail         |       |    22 ||    22
Dodge: Dodged            |    62 |    57 ||   119

Table legend: (Time is in decaauts)
 A = Elapsed time spent in this place.
 B = Non-inter-level travel time spent in this place.
 C = Inter-level travel time spent in this place.
 D = Time resting spent in this place.
 E = Time spent auto-exploring this place.
 F = Levels seen in this place.
 G = Mean time per level.
                   A        B        C        D        E       F      G
               +--------+--------+--------+--------+--------+-----+--------+
         Total |   4785 |   4595 |    190 |   1348 |   2660 |   4 | 1196.2 |
       Dungeon |   4785 |   4595 |    190 |   1348 |   2660 |   4 | 1196.2 |
               +--------+--------+--------+--------+--------+-----+--------+

Top non-repeatable levels by time:
     D:1: 1929 daAuts
     D:3: 1439 daAuts
     D:2: 1158 daAuts
     D:4: 257 daAuts
